[Event "*** Titled Tuesday Blitz"]
[Site "Chess.com"]
[Date "2020.05.19"]
[Round "5"]
[White "AnthonyWirig"]
[Black "Alopekos"]
[Result "1-0"]
[WhiteElo "2670"]
[BlackElo "2468"]
[TimeControl "180+1"]
[EndTime "12:57:15 PDT"]
[Termination "AnthonyWirig won by resignation"]

1. d4 Nf6 2. Bg5 e6 3. e4 h6 4.
Bxf6 Qxf6 5. c3 c5 6. Nf3 Nc6 7. Na3 cxd4 8. Nb5 Qd8 9. Nbxd4 Bc5 10. Be2 O-O 11. O-O d5 12. exd5 Qxd5 13. Nxc6 Qxc6 14.
Bd3 Qc7 15. Qe2 Bd7 16. Qe4 g6 17. Ne5 Bc6 18. Nxc6 Qxc6 19. Qxc6 bxc6 20. Rfd1 Rab8 21. Rab1 Rfd8 22. Kf1 Be7 23. Ke2 c5 24. Bc4 Bf6 25.
Rxd8+ Rxd8 26. g3 Kf8 27. h4 Ke7 28. a4 Rb8 29. Kd3 Rd8+ 30. Kc2 a5 31. Re1 g5 32. h5 Kd6 33. Bb5 Ke7 34. Re2 Rd5 35. Kb3 g4 36. Re4 Rxh5 37. Rxg4 Rf5 38. Rc4 Rxf2 39. Rxc5 Bg5 40. Bc6 Bc1 41. Rxa5 Rxb2+ 42. Kc4 Ra2 43. Ra7+ Kf6 44. Be8 Be3 45. Rxf7+ Ke5 46. Rf3 Bd2 47.
Rf2 Bc1 48. Rxa2 1-0

[Event "*** Titled Tuesday Blitz"]
[Site "Chess.com"]
[Date "2020.05.19"]
[Round "5"]
[White "alertakobra"]
[Black "attack2mateU"]
[Result "1-0"]
[WhiteElo "2304"]
[BlackElo "2617"]
[TimeControl "180+1"]
[EndTime "12:57:15 PDT"]
[Termination "alertakobra won on time"]

1. d4 Nf6 2. c4 g6 3. Nc3 d5 4.
e3 Bg7 5. Nf3 O-O 6. cxd5 Nxd5 7. Bc4 Nb6 8. Bb3 c5 9. h3 cxd4 10. exd4 Nc6 11. Be3 Na5 12. Bc2 Nac4 13. Bc1 e5 14. dxe5 Qxd1+ 15. Bxd1 Nxe5 16. Nxe5 Bxe5 17. Bh6 Bxc3+ 18. bxc3 Re8+ 19. Be2 Bf5 20. Rd1 Rac8 21. Be3 Rxc3 22. O-O Rc2 23. Bf3 Rxa2 24. Bxb7 Nc4 25. Bd4 Nd6 26. Bd5 Ra5 27. Bf3 Be4 28. Bc3 Ra6 29. Be2 Rc6 30. Bb4 Nc4 31. Rd4 Bd5 32.
Rxd5 Rxe2 33. Rc1 Ne5 34. Rd8+ Kg7 35. Bc3 f6 36. f4 Nc4 37. Rd7+ Kh6 38. Bd4 Rd2 39. Bf2 1-0

[Event "*** Titled Tuesday Blitz"]
[Site "Chess.com"]
[Date "2020.05.19"]
[Round "5"]
[White "MasterKroket"]
[Black "jtayar88"]
[Result "1/2-1/2"]
[WhiteElo "2403"]
[BlackElo "2549"]
[TimeControl "180+1"]
[EndTime "12:57:15 PDT"]
[Termination "Game drawn by repetition"]

1. d4 Nf6 2. c4 Nc6 3. Nf3 e6 4. a3 g6 5. Nc3 Bg7 6. e4 d6 7. Be2 O-O 8. h4 Re8 9. Be3 e5 10. d5 Nd4 11. b4 a5 12. b5 b6 13. Nd2 Nxe2 14. Nxe2 Ng4 15. Nf1 Nxe3 16. Nxe3 Bh6 17. Nf1 f5 18. h5 Kg7 19. Qb3 fxe4 20. Neg3 Bf5 21. Ne3 Bxe3 22. Qxe3 Qf6 23. O-O-O Rh8 24. Rh2 Kf7 25. Rdh1 Rag8 26. hxg6+ hxg6 27. Rh7+ Rxh7 28. Rxh7+ Rg7 29. Qh6 Rxh7 30. Qxh7+ Qg7 31. Qxg7+ Kxg7 32. Kd2 Kf6 33. Ke3 Kg5 34. Ne2 Kg4 35. Nc3 Kg5 36. Nd1 Kg4 37. Nc3 Kg5 38. Na4 Kf6 39. Nc3 Kg5 1/2-1/2

[Event "*** Titled Tuesday Blitz"]
[Site "Chess.com"]
[Date "2020.05.19"]
[Round "5"]
[White "FMJoseHerrera"]
[Black "Elbek_Jumanov"]
[Result "1-0"]
[WhiteElo "2653"]
[BlackElo "2425"]
[TimeControl "180+1"]
[EndTime "12:57:16 PDT"]
[Termination "FMJoseHerrera won by resignation"]

1. Nf3 c5 2. g3 Nc6 3. Bg2 g6 4. d3 Bg7 5. Nc3 Nf6 6. h4 h6 7.
e4 d6 8. Bf4 Rb8 9. Qd2 b5 10.
e5 Ng4 11. exd6 exd6 12. h5 g5 13. Nxg5 Nd4 14. Nge4 Ne5 15. O-O-O f5 16. Nxc5 O-O 17. Nb3 Ndf3 18. Qe3 Bb7 19. Bxh6 b4 20. Ne2 a5 21.
Bxg7 Kxg7 22. Ned4 Qf6 23. Nxf3 Bxf3 24. Bxf3 a4 25.
Nd4 a3 26. Bd5 axb2+ 27. Kb1 Rfc8 28. Qf4 Rc5 29. Bb3 Ra5 30. Qxf5 Qxf5 31. Nxf5+ Kf6 32.
Nxd6 Rba8 33. Kxb2 Nc6 34. Ne4+ Ke5 35. h6 Nd4 36. h7 Nxb3 37. h8=Q+ Rxh8 38. Rxh8 Nd4 39. Rh5+ 1-0

[Event "*** Titled Tuesday Blitz"]
[Site "Chess.com"]
[Date "2020.05.19"]
[Round "5"]
[White "TregubovP"]
[Black "Jospem"]
[Result "0-1"]
[WhiteElo "2556"]
[BlackElo "2813"]
[TimeControl "180+1"]
[EndTime "12:57:16 PDT"]
[Termination "Jospem won by resignation"]

1. e4 c5 2. Nf3 d6 3. c3 Nf6 4.
Be2 g6 5. O-O Bg7 6. Bb5+ Nc6 7.
d4 O-O 8. d5 Na5 9. Re1 a6 10.
Bf1 b5 11. h3 Qc7 12. Bf4 Nd7 13. Nbd2 c4 14. Rc1 Nb7 15. Nd4 Ne5 16. Bxe5 Bxe5 17. Nc6 Bg7 18. b3 cxb3 19. Nxb3 Nd8 20. c4 Nxc6 21. cxb5 axb5 22. Rxc6 Qb8 23. Rc2 Ra4 24. Qd3 Bd7 25. Rec1 Qb6 26. Qd2 Rxe4 27. Bd3 Ra4 28. Rc7 Ra7 29. Rxa7 Qxa7 30. Na5 Bh6 31. Qxh6 Qxa5 32.
Qe3 Qxa2 33. Qxe7 Qxd5 34. Rc7 Be6 35. Be2 Qe5 36. Bf3 b4 37. h4 h5 38. Rb7 b3 39.
g3 b2 40. Kh2 Qd4 41. Kg2 Qe5 42. Qc7 Bf5 0-1

[Event "*** Titled Tuesday Blitz"]
[Site "Chess.com"]
[Date "2020.05.19"]
[Round "5"]
[White "DivyaDeshmukh23"]
[Black "MFBerna"]
[Result "1-0"]
[WhiteElo "2464"]
[BlackElo "2317"]
[TimeControl "180+1"]
[EndTime "12:57:17 PDT"]
[Termination "DivyaDeshmukh23 won on time"]

1. e4 e5 2. Nc3 Nf6 3. Bc4 Bc5 4. d3 c6 5. f4 d5 6. exd5 exf4 7. Bxf4 cxd5 8. Bb5+ Nc6 9. Qe2+ Be6 10. O-O-O O-O 11. Bg5 Nd4 12. Qf1 Nxb5 13. Nxb5 Qa5 14. Bxf6 Be3+ 15. Kb1 Qxb5 16. Be5 d4 17. Nf3 Rfc8 18. b3 Bg4 19. Bg3 Rc6 20. Bf2 Rac8 21. Bxe3 dxe3 22. c4 Qb4 23. Qe2 b5 24. Rc1 bxc4 25. dxc4 Bf5+ 26. Ka1 Ra6 27. Nd4 Bg6 28. Rhd1 Qa3 29. Rc3 Bh5 30. Nf3 Qa5 31. Rxe3 h6 32. Re8+ Rxe8 33.
Qxe8+ Kh7 34. Qe2 Qc3+ 35. Qb2 Qb4 36. Qc2+ Bg6 37. Qd2 Qa3 38. Qb2 Qb4 39. Nd4 h5 40. Qd2 Qa3 41. h3 Qc5 42. g4 h4 43. Nf3 1-0

[Event "*** Titled Tuesday Blitz"]
[Site "Chess.com"]
[Date "2020.05.19"]
[Round "5"]
[White "IMinTheWings"]
[Black "Chichin_chao"]
[Result "1-0"]
[WhiteElo "2230"]
[BlackElo "2375"]
[TimeControl "180+1"]
[EndTime "12:57:19 PDT"]
[Termination "IMinTheWings won on time"]

1. c4 e5 2. Nc3 d6 3. Nf3 Nf6 4. d4 Nbd7 5. e4 Be7 6. Be2 O-O 7. O-O exd4 8. Nxd4 Re8 9. f3 Bf8 10.
Be3 a5 11. a3 c6 12. b4 axb4 13. axb4 Rxa1 14. Qxa1 d5 15. Qb1 dxe4 16. fxe4 Qe7 17. c5 Nxe4 18. Nf5 Qe5 19. Nxe4 Qxe4 20. Bd3 Qd5 21. Bd4 Ne5 22. Be4 Qc4 23. Ba1 Ng6 24. Bd3 Qd5 25. Rf3 Bxf5 26. Bxf5 Ra8 27. Bc2 Qd2 28. Bc3 Qd7 29. h4 f6 30. h5 Nh4 31.
Bxh7+ Kh8 32. Rh3 Qg4 33. Be4 Ra3 34. Qe1 f5 35. Rxh4 1-0

[Event "*** Titled Tuesday Blitz"]
[Site "Chess.com"]
[Date "2020.05.19"]
[Round "5"]
[White "grandcoach"]
[Black "VALPARAISO37"]
[Result "1-0"]
[WhiteElo "2073"]
[BlackElo "2296"]
[TimeControl "180+1"]
[EndTime "12:57:19 PDT"]
[Termination "grandcoach won by resignation"]

1. e4 e5 2. Nf3 Nc6 3. d4 exd4 4. c3 Nge7 5. cxd4 d5 6. Bd3 Bg4 7. O-O Bxf3 8. Qxf3 Nxd4 9. Qe3 dxe4 10. Bxe4 Ndc6 11. Nc3 Qd7 12. Rd1 Qe6 13. Nb5 Rc8 14. Qd3 f5 15.
Bf3 a6 16. Nd4 Nxd4 17. Qxd4 Nc6 18. Bh5+ g6 19. Qxh8 gxh5 20. Bg5 Qg6 21. h4 h6 22. Bf4 Qg7 23. Qxg7 Bxg7 24. Rd5 Bxb2 25. Re1+ Kf7 26.
Rxf5+ Kg6 27. Rd5 Nd4 28. Be5 Re8 29. Kf1 Nc2 30. Re2 Rxe5 31. Rdxe5 Bxe5 32. Rxc2 b5 33. Rc6+ Bd6 34. Rxa6 b4 35. g3 Kf5 36. Ke2 Ke4 37.
f3+ Kd4 38. g4 Kc3 39. g5 hxg5 40. hxg5 h4 41. g6 Be5 42. f4 Bd4 43. Kf3 c5 44. f5 c4 45. Rd6 Be5 46. Rd5 Bg7 47. Rd7 Bh6 48. g7 Bxg7 49. Rxg7 Kb2 50. Rg2+ Ka1 51. f6 h3 52. Rh2 c3 53. f7 b3 54. axb3 c2 55. Rxc2 h2 56. Rxh2 1-0

[Event "*** Titled Tuesday Blitz"]
[Site "Chess.com"]
[Date "2020.05.19"]
[Round "5"]
[White "sommerpower"]
[Black "AnnaChessLook"]
[Result "1/2-1/2"]
[WhiteElo "2454"]
[BlackElo "2225"]
[TimeControl "180+1"]
[EndTime "12:57:20 PDT"]
[Termination "Game drawn by agreement"]

1. Nf3 Nf6 2. c4 c5 3. Nc3 Nc6 4. g3 d5 5. d4 cxd4 6. Nxd4 Nxd4 7.
Qxd4 e6 8. cxd5 Nxd5 9. Nxd5 Qxd5 10. Qxd5 exd5 11. Bg2 Be6 12. O-O Be7 13. Rd1 Rd8 14. Be3 b6 15. Bd4 f6 16. Rac1 Kf7 17. Rc7 Rc8 18.
Rdc1 h6 19. Bxd5 Rxc7 20. Bxe6+ Kxe6 21. Rxc7 Rd8 22. e3 Rd7 23. Rxd7 Kxd7 24. g4 g6 25. Kg2 Ke6 26. e4 Bd6 27. h3 Bf4 28. Kf3 Bc1 29.
b3 Ba3 30. Be3 Bf8 31. Ke2 h5 32. gxh5 gxh5 33. Kd3 Bd6 34. Bd4 f5 35. f3 Bc7 36.
Kc4 a6 37. a4 Bd8 38. exf5+ Kxf5 39. Kd5 Kf4 40. Kc6 b5 41. axb5 axb5 42. Kxb5 Kxf3 43.
b4 Kg3 44. Kc6 Kxh3 45. b5 Kg2 46. Bb6 Bxb6 47. Kxb6 h4 48. Kc7 h3 49. b6 h2 50. b7 h1=Q 51. b8=Q 1/2-1/2

[Event "*** Titled Tuesday Blitz"]
[Site "Chess.com"]
[Date "2020.05.19"]
[Round "5"]
[White "want2lose"]
[Black "rakshi2005"]
[Result "1-0"]
[WhiteElo "2828"]
[BlackElo "2273"]
[TimeControl "180+1"]
[EndTime "12:57:20 PDT"]
[Termination "want2lose won on time"]

1. Nf3 Nf6 2. g3 e6 3. Bg2 Be7 4. O-O O-O 5. c4 d5 6. d4 dxc4 7. Ne5 Nc6 8. Bxc6 bxc6 9. Nxc6 Qe8 10. Nxe7+ Qxe7 11. Qa4 c5 12. Qc6 Bb7 13. Qxc5 Qd7 14. Nc3 Rac8 15. Qe5 Rfd8 16. f3 Qc6 17. Bg5 Nd7 18. Qb5 f6 19. Qxc6 Bxc6 20. Be3 Nb6 21. Rac1 Rb8 22. Rc2 Kf7 23. Bf2 Nd5 24. Ne4 Nb4 25.
Rxc4 Bxe4 26. fxe4 Nxa2 27. Rc2 Nb4 28. Rc7+ Kg8 29.
Ra1 a6 30. Ra4 Rb5 31. Kg2 Rdb8 32. Be1 a5 33. Bxb4 Rxb4 34. Rxa5 Rxd4 35. Raa7 Rxe4 36. Rxg7+ Kf8 37. Rxh7 Kg8 38. Kf3 f5 39. Rag7+ Kf8 40. Rb7 Rxb7 41. Rxb7 Rc4 42. b4 e5 43. Rb5 e4+ 44. Kf2 1-0

[Event "*** Titled Tuesday Blitz"]
[Site "Chess.com"]
[Date "2020.05.19"]
[Round "5"]
[White "AlanZhang"]
[Black "GMJustin"]
[Result "1-0"]
[WhiteElo "2214"]
[BlackElo "2333"]
[TimeControl "180+1"]
[EndTime "12:57:20 PDT"]
[Termination "AlanZhang won on time"]

1. e4 e5 2. Nf3 Nc6 3. Bb5 a6 4.
Ba4 d6 5. d4 b5 6. Bb3 Nxd4 7.
Nxd4 exd4 8. Bd5 Rb8 9. Qxd4 Nf6 10. O-O Be7 11. Nc3 O-O 12. Bf4 c5 13. Qd3 b4 14.
Ne2 Nxd5 15. exd5 Bd7 16. c4 bxc3 17. bxc3 Rb2 18. Ng3 Qb6 19. c4 Re8 20. Rfe1 Bf8 21. h3 Rxe1+ 22. Rxe1 Rxa2 23. Nh5 a5 24. Qg3 Kh8 25.
Be3 Rb2 26. Qf3 Rb1 27. Rxb1 Qxb1+ 28. Kh2 Qf5 29. Qe2 Qe5+ 30. f4 Qe4 31. Ng3 Qe7 32.
Qd2 a4 33. Qc3 Qf6 34. Qxf6 gxf6 35. Bc1 f5 36. Bb2+ Bg7 37. Ba3 Bc3 38. Nh5 Bd2 39. Bb2+ 1-0

[Event "*** Titled Tuesday Blitz"]
[Site "Chess.com"]
[Date "2020.05.19"]
[Round "5"]
[White "ENajer77"]
[Black "djamir"]
[Result "0-1"]
[WhiteElo "2547"]
[BlackElo "2735"]
[TimeControl "180+1"]
[EndTime "12:57:21 PDT"]
[Termination "djamir won on time"]

1. d4 Nf6 2. c4 e6 3. g3 Bb4+ 4. Bd2 c5 5. Bxb4 cxb4 6. Bg2 a5 7. a3 Na6 8. Nf3 O-O 9. O-O d6 10. Qd3 Qe7 11. Nbd2 Rd8 12. e4 e5 13. Rfe1 b6 14. Nf1 Bb7 15. Nh4 g6 16. Ne3 exd4 17. Qxd4 Nc5 18. Rad1 Qe5 19. axb4 axb4 20. Qd2 Ncxe4 21.
Qxb4 Qc5 22. Qb3 Rab8 23. Nf3 Nxf2 24. Kxf2 Ng4+ 25. Kf1 Bxf3 26. Bxf3 Nxh2+ 27. Kg2 Nxf3 28. Kxf3 b5 29. cxb5 Rxb5 30. Qc3 Qh5+ 31. Kg2 Rc5 32. Qd4 Qe5 33. Qxe5 Rxe5 34. Nd5 Rb8 35. b4 f5 36.
Rxe5 dxe5 37. Rb1 Rb5 38. Nc3 Rb7 39. b5 Kf7 40. b6 Ke6 41. Na4 Kd5 42. Kf2 Kc4 43. Ke3 g5 44. Rc1+ Kb4 0-1

[Event "*** Titled Tuesday Blitz"]
[Site "Chess.com"]
[Date "2020.05.19"]
[Round "5"]
[White "UCantHandleDenker"]
[Black "2346PL"]
[Result "0-1"]
[WhiteElo "2559"]
[BlackElo "2426"]
[TimeControl "180+1"]
[EndTime "12:57:21 PDT"]
[Termination "2346PL won on time"]

1. Nf3 f5 2. c4 Nf6 3. Nc3 g6 4. g3 Bg7 5. Bg2 O-O 6. O-O d6 7. d3 Nc6 8. Rb1 Nh5 9. Bd2 f4 10. b4 e5 11. b5 Ne7 12. a4 h6 13. Ne1 g5 14. a5 Rb8 15. Nc2 Be6 16. Nb4 g4 17.
Nbd5 Nf5 18. Ne4 Nd4 19. Bc3 f3 20. exf3 gxf3 21. Bxd4 fxg2 22. Re1 Bxd5 23. cxd5 Nf6 24. Nxf6+ Qxf6 25. Bxa7 b6 26. Qe2 Rb7 27. axb6 cxb6 28. Ra1 Qf7 29. Bxb6 Rxb6 30. Ra6 Rxb5 31. Rxd6 Rxd5 32.
Rc6 Qd7 33. Rg6 Qf5 34. Rg4 Rxd3 35. Kxg2 Rf3 36. Rf1 Qxg4 37. Qc4+ Qxc4 0-1

[Event "*** Titled Tuesday Blitz"]
[Site "Chess.com"]
[Date "2020.05.19"]
[Round "5"]
[White "Shukh_Nikolay"]
[Black "Piotrek1979"]
[Result "1-0"]
[WhiteElo "2531"]
[BlackElo "2363"]
[TimeControl "180+1"]
[EndTime "12:57:21 PDT"]
[Termination "Shukh_Nikolay won by resignation"]

1. e4 c5 2. Nf3 e6 3. d4 cxd4 4.
Nxd4 a6 5. Nc3 d6 6. Be2 Nf6 7. g4 Qc7 8. g5 Nfd7 9. h4 b5 10. Be3 b4 11. Na4 Bb7 12. f3 Nc6 13. Qd2 Nxd4 14. Bxd4 Bc6 15. b3 a5 16. Nb2 e5 17.
Bf2 Nc5 18. Nc4 Be7 19. h5 O-O 20. g6 h6 21. gxf7+ Rxf7 22. Ne3 Bg5 23. Bc4 Rf8 24. O-O-O Kh8 25. Bxf7 Rxf7 26. Qxd6 Qxd6 27. Rxd6 Rxf3 28. Rxc6 Rxf2 29. Re1 Nxe4 30. Kb2 Nc3 31. Ng4 Rf5 32.
Rc8+ Kh7 33. Rxe5 Rxe5 34. Nxe5 Bf6 35. Ng6 Ne2+ 36. Kb1 Nc3+ 37. Kc1 Bg5+ 38. Kb2 Nd1+ 39. Ka1 Bf6+ 40. Kb1 Nc3+ 41. Kc1 Bg5+ 42. Kb2 Nd1+ 43. Kb1 Nc3+ 44. Ka1 1-0

[Event "*** Titled Tuesday Blitz"]
[Site "Chess.com"]
[Date "2020.05.19"]
[Round "5"]
[White "ljuks68"]
[Black "Ariadna_Atreides"]
[Result "0-1"]
[WhiteElo "2341"]
[BlackElo "2070"]
[TimeControl "180+1"]
[EndTime "12:57:21 PDT"]
[Termination "Ariadna_Atreides won on time"]

1. e4 c5 2. Nf3 d6 3. d4 cxd4 4. Nxd4 Nf6 5. Nc3 Nc6 6. Bc4 Bd7 7. Be3 Ng4 8. Qf3 Nce5 9. Qe2 Nxe3 10. fxe3 Nxc4 11.
Qxc4 Rc8 12. Qb3 Qc7 13. O-O-O e6 14. Ndb5 Qb8 15. Qa3 d5 16. Qxa7 dxe4 17. Qxb8 Rxb8 18. a4 Bc6 19. Nc7+ Ke7 20. Rd4 f5 21. Rhd1 g6 22. b4 Bh6 23. Rd6 Bxe3+ 24. Kb2 Bf4 25. Rxe6+ Kf7 26. Rxc6 bxc6 27. Rd7+ Kf6 28. b5 Bxc7 29.
Rxc7 cxb5 30. axb5 Rhc8 31. Rd7 h5 32. Rd1 Ke5 33.
g3 Rxc3 34. Kxc3 Rxb5 35. Kc4 Ra5 36. c3 Ra2 37. Rd5+ Ke6 38. Ra5 Rxa5 0-1

[Event "*** Titled Tuesday Blitz"]
[Site "Chess.com"]
[Date "2020.05.19"]
[Round "5"]
[White "WiktoriaPOL"]
[Black "chesslh19"]
[Result "1-0"]
[WhiteElo "2014"]
[BlackElo "2167"]
[TimeControl "180+1"]
[EndTime "12:57:21 PDT"]
[Termination "WiktoriaPOL won by resignation"]

1. c4 Nf6 2. Nc3 e6 3. e4 d5 4. e5 d4 5. exf6 dxc3 6. bxc3 Qxf6 7. Nf3 e5 8. d4 exd4 9. Bg5 Qe6+ 10. Be2 d3 11. Qxd3 Be7 12. Bxe7 Qxe7 13. O-O O-O 14.
Rfe1 Qf6 15. Qd4 Nc6 16. Qxf6 gxf6 17. Nd4 Bd7 18. g3 Rad8 19. f4 Na5 20. Rad1 c5 21. Nb3 Nxb3 22. axb3 Bc6 23. Kf2 b6 24. Bf3 Bxf3 25.
Kxf3 Rfe8 26. Rxe8+ Rxe8 27. Rd7 Ra8 28. Ke4 Kf8 29.
Kd5 Ke8 30. Kd6 a5 31. Kc6 Rc8+ 32. Rc7 Rd8 33. Kxb6 Rb8+ 34. Kxa5 Rxb3 35. Rxc5 Rxc3 36. Kb5 Rc2 37. Rh5 Kf8 38. Rxh7 Kg8 39. Rh5 Kg7 40.
c5 Kg6 41. Rh4 Kf5 42. c6 Ke6 43. Rh8 Kd6 44. Rd8+ Ke7 45. Rd7+ Ke8 46. Rd6 Ke7 47. Rd7+ Ke8 48. Rd5 Rb2+ 49. Kc5 Rxh2 50. c7 Rc2+ 51. Kd6 f5 52. Re5+ Kf8 53. Rc5 Rd2+ 54. Kc6 1-0

[Event "*** Titled Tuesday Blitz"]
[Site "Chess.com"]
[Date "2020.05.19"]
[Round "5"]
[White "FelixBlohberger"]
[Black "frankshar"]
[Result "0-1"]
[WhiteElo "2583"]
[BlackElo "2385"]
[TimeControl "180+1"]
[EndTime "12:57:22 PDT"]
[Termination "frankshar won on time"]

1. e4 c6 2. d4 d5 3. exd5 cxd5 4. Bd3 Nc6 5. c3 g6 6. Bf4 Bh6 7. Bxh6 Nxh6 8. Nf3 O-O 9. O-O f6 10. Re1 Nf7 11.
Bf1 e5 12. dxe5 fxe5 13. h3 Be6 14. Na3 Qb6 15. Qb3 Qxb3 16. axb3 e4 17. Nc2 Bxh3 18.
gxh3 exf3 19. b4 a6 20. Rad1 Rad8 21. Rd3 Nfe5 22. Rdd1 Nc4 23. Rxd5 Nxb2 24. Rxd8 Rxd8 25. Rb1 Na4 26. c4 Rd2 27. Ne3 Nd4 28. Ra1 Nc3 29. b5 axb5 30. cxb5 Nde2+ 31. Kh2 Nxb5 32. Rb1 Nd6 33.
Rb6 Kf7 34. h4 h5 35. Bh3 Ke7 36. Rb1 Nc3 37. Re1 Rxf2+ 38. Kg3 Re2 0-1

[Event "*** Titled Tuesday Blitz"]
[Site "Chess.com"]
[Date "2020.05.19"]
[Round "5"]
[White "Karacsonyi_Gellert"]
[Black "GoValya"]
[Result "1-0"]
[WhiteElo "2462"]
[BlackElo "2200"]
[TimeControl "180+1"]
[EndTime "12:57:22 PDT"]
[Termination "Karacsonyi_Gellert won by resignation"]

1. e4 e6 2. d4 d5 3. e5 c5 4. c3 Nc6 5. Nf3 Be7 6. Be2 cxd4 7. cxd4 f6 8. exf6 Nxf6 9. O-O O-O 10.
Nc3 Qc7 11. Bg5 Ne4 12. Bxe7 Qxe7 13. Qd3 Nb4 14. Qd1 Bd7 15. Ne5 Nc6 16. Nxe4 dxe4 17. Bc4 Rad8 18. Qg4 Nxd4 19. Qxe4 Bc6 20. Nxc6 bxc6 21.
Rad1 c5 22. b4 Kh8 23. bxc5 Qxc5 24. Rc1 Qg5 25. f4 Qg4 26. Rc3 Qf5 27. Qxf5 exf5 28. Kf2 Rfe8 29. Re1 h6 30. Rxe8+ Rxe8 31. Rd3 Nc6 32.
Bb5 Re6 33. Ra3 Nd4 34. Bc4 Rc6 35. Bd5 Rc7 36. Bf3 Kg8 37. Bd5+ Kf8 38. g3 Ke7 39. Ra6 Nb5 40. Bb3 Nd6 41. Ke3 Ne4 42. Re6+ Kd7 43.
Rg6 Rc3+ 44. Kd4 Rc6 45. Rxg7+ Kd6 46. Rg6+ Kd7 47. Ba4 1-0

[Event "*** Titled Tuesday Blitz"]
[Site "Chess.com"]
[Date "2020.05.19"]
[Round "5"]
[White "Eltaj_Safarli"]
[Black "giantslayer83"]
[Result "1-0"]
[WhiteElo "3000"]
[BlackElo "2690"]
[TimeControl "180+1"]
[EndTime "12:57:23 PDT"]
[Termination "Eltaj_Safarli won by resignation"]

1. e4 e5 2. Nf3 Nc6 3. Bb5 a6 4. Ba4 Nge7 5. c3 g6 6. d4 exd4 7. cxd4 b5 8. d5 bxa4 9. dxc6 Nxc6 10. O-O Bg7 11. Qxa4 O-O 12. Nc3 Re8 13. Bg5 f6 14. Bf4 Rb8 15. Nd5 Ne5 16. Bxe5 fxe5 17. Qc4 Kh8 18.
Nxc7 Rf8 19. Rad1 d6 20. Ne6 Bxe6 21. Qxe6 Rf6 22. Qc4 Rxb2 23. Nxe5 Qf8 24. Nd3 Rb8 25.
Nb4 a5 26. Nd5 Rf7 27. Rd2 Be5 28. g3 g5 29. Kg2 g4 30. h3 Qh6 31. Ne3 Qxh3+ 32. Kg1 Rf6 33. Nf5 h5 34. f4 gxf3 35. Rxf3 Rb1+ 36. Rf1 Rxf1+ 37. Qxf1 Qxf1+ 38. Kxf1 Bxg3 39. Rd5 Be5 40. Rxa5 Kh7 41. Ra7+ Kg8 42. a4 Rf8 43. a5 d5 44. Ke2 dxe4 45. Nh6+ Kh8 46. Nf7+ Rxf7 47.
Rxf7 Bd4 48. a6 h4 49. a7 Bxa7 50. Rxa7 h3 51. Ke3 h2 52. Ra1 Kg7 53. Rh1 Kg6 54. Rxh2 Kf5 55. Rh4 Kg5 56. Rxe4 1-0

[Event "*** Titled Tuesday Blitz"]
[Site "Chess.com"]
[Date "2020.05.19"]
[Round "5"]
[White "szachuspl"]
[Black "Gabrielian_Artur"]
[Result "0-1"]
[WhiteElo "2546"]
[BlackElo "2721"]
[TimeControl "180+1"]
[EndTime "12:57:23 PDT"]
[Termination "Gabrielian_Artur won on time"]

1. d4 Nf6 2. c4 c5 3. d5 e6 4. Nc3 exd5 5. cxd5 d6 6. Nf3 g6 7. Bf4 Bg7 8. e3 O-O 9. Be2 Re8 10. O-O Na6 11. Nd2 Nc7 12. Nc4 Bf8 13. a4 Ne4 14.
Bf3 Nxc3 15. bxc3 b6 16. Re1 Ba6 17. Be2 Bxc4 18. Bxc4 Bg7 19. Qd3 Qf6 20. Ra3 a6 21.
Rb1 b5 22. axb5 axb5 23. Rxa8 Rxa8 24. Bxb5 Ra3 25. Bc6 h5 26. h4 Rxc3 27. Qd1 Na6 28. g3 Nb4 29. Qa4 Kh7 30. Qa7 Qf5 31. Rd1 Nd3 32. Qa4 Nxf4 33. Qxf4 Qxf4 34. gxf4 Bf6 35. Be8 Kg7 36. Rd2 Bxh4 37. Kg2 Ra3 38. Rb2 Ra7 39. Bc6 Bf6 0-1

[Event "*** Titled Tuesday Blitz"]
[Site "Chess.com"]
[Date "2020.05.19"]
[Round "5"]
[White "Khamrakulov_Djurabek"]
[Black "Joshukid"]
[Result "1-0"]
[WhiteElo "2798"]
[BlackElo "2549"]
[TimeControl "180+1"]
[EndTime "12:57:23 PDT"]
[Termination "Khamrakulov_Djurabek won on time"]

1. e4 g6 2. d4 Bg7 3. Nf3 d6 4. Bc4 Nf6 5. Qe2 Bg4 6. e5 dxe5 7. Bxf7+ Kxf7 8. Nxe5+ Ke8 9. Nxg4 Nxg4 10. Qxg4 Qxd4 11. Qc8+ Kf7 12. Qxb7 Qe5+ 13. Be3 Qxb2 14. Qxa8 Qxa1 15. O-O Qxa2 16. Nd2 Qxc2 17. Ne4 h6 18. Rc1 Rd8 19. g3 Rd1+ 20. Rxd1 Qxd1+ 21. Kg2 Nd7 22. Qxa7 Qc2 23. Qb7 Qc4 24. Nd2 Qc2 25. Qd5+ Ke8 26. Qg8+ Bf8 27. Bxh6 Qc6+ 28. Kh3 Qf6 29. Be3 Qf7 30. Qh8 Qf5+ 31. g4 Qf6 32. Qh7 Qf7 33. Qh4 Bg7 34. Qg3 e5 35. Ne4 Qe7 36. Qf3 Qf7 37. Qe2 Qd5 38. Qc2 c6 39. Ng5 Qd6 40. Qc4 1-0

[Event "*** Titled Tuesday Blitz"]
[Site "Chess.com"]
[Date "2020.05.19"]
[Round "5"]
[White "nubair1198"]
[Black "Sergey85Rodchenkov"]
[Result "0-1"]
[WhiteElo "2653"]
[BlackElo "2517"]
[TimeControl "180+1"]
[EndTime "12:57:23 PDT"]
[Termination "Sergey85Rodchenkov won by resignation"]

1. Nf3 Nf6 2. g3 b5 3. a4 b4 4.
d3 Bb7 5. Bg2 e6 6. c3 a5 7. O-O d5 8. Nbd2 Be7 9. Re1 O-O 10.
e4 c5 11. e5 Nfd7 12. Nf1 Nc6 13. h4 Ba6 14. N1h2 Rb8 15. h5 Re8 16. g4 Qc7 17.
Bf4 Bf8 18. g5 bxc3 19. bxc3 Rb2 20. g6 h6 21. gxf7+ Kxf7 22. Bc1 Rb6 23. d4 Kg8 24.
Nh4 cxd4 25. cxd4 Nb4 26. Bd2 Qc2 27. Bf1 Qxd1 28. Rexd1 Rc8 29. Bxa6 Rxa6 30. Ng4 Rac6 31. Bxb4 Bxb4 32. Ng6 Kf7 33. Rd3 Rc3 34. Rad1 Rxd3 35. Rxd3 Rc3 36. Rd1 Nb6 37. Ne3 Nxa4 38. Kg2 Nb2 39.
Rb1 Nc4 40. Ng4 Rc2 41. Kg3 Nd2 42. Ra1 Ne4+ 43. Kf3 Bc3 44. Rb1 Rb2 45. Rc1 a4 46.
Ra1 Rxf2+ 47. Nxf2 Bxa1 48. Nxe4 dxe4+ 49. Kxe4 a3 50. d5 exd5+ 51. Kxd5 a2 52. e6+ Ke8 53. e7 Bf6 54.
Ke6 Bxe7 55. Nxe7 a1=Q 56. Nd5 Qd4 57. Kd6 Kf7 58. Kc6 Qd1 59. Kc5 Qxh5 0-1

[Event "*** Titled Tuesday Blitz"]
[Site "Chess.com"]
[Date "2020.05.19"]
[Round "5"]
[White "BanjoKazooieN64"]
[Black "Corpescador"]
[Result "1-0"]
[WhiteElo "2543"]
[BlackElo "2370"]
[TimeControl "180+1"]
[EndTime "12:57:23 PDT"]
[Termination "BanjoKazooieN64 won on time"]

1. e4 c5 2. d4 cxd4 3. c3 dxc3 4.
Nxc3 Nc6 5. Nf3 a6 6. Bc4 d6 7. O-O Nf6 8. h3 e6 9. Bg5 b5 10. Bb3 Be7 11. Re1 Bd7 12. Qd2 Qc7 13. Rad1 Rd8 14.
Bxf6 gxf6 15. Qh6 Rg8 16. Qxh7 Kf8 17. h4 Ne5 18. Nd4 Ng6 19. Qh6+ Ke8 20. h5 Rh8 21. Qg7 Rxh5 22. Nxe6 Bxe6 23. Bxe6 Bf8 24. Nd5 Bxg7 25.
Nxc7+ Kf8 26. Bf5 Nf4 27. g3 Nh3+ 28. Kg2 Ng5 29. f4 Nh7 30. Rh1 Rxh1 31. Rxh1 Ng5 32.
fxg5 fxg5 33. b3 Bd4 34. Rc1 Bc5 35. Nxa6 Ba3 36. Rd1 Kg7 37. Nc7 Bc5 38. Nxb5 Ra8 39. a4 Ra6 40. Rd5 Kf6 41. Bg4 Bb4 42. Rf5+ Kg6 43.
Rd5 Rc6 44. Nd4 Rc3 45. Be2 1-0

[Event "*** Titled Tuesday Blitz"]
[Site "Chess.com"]
[Date "2020.05.19"]
[Round "5"]
[White "Alomaterapia"]
[Black "doctorcristian"]
[Result "1-0"]
[WhiteElo "2522"]
[BlackElo "2358"]
[TimeControl "180+1"]
[EndTime "12:57:23 PDT"]
[Termination "Alomaterapia won on time"]

1. d4 Nf6 2. c4 c5 3. d5 e5 4.
Nc3 d6 5. g3 Be7 6. Bg2 Nbd7 7.
e4 Nf8 8. Nge2 Ng6 9. O-O Bd7 10. f4 h5 11. f5 Nf8 12. h3 a6 13. a4 N8h7 14.
a5 g5 15. Be3 Ng8 16. Na4 Rc8 17.
Nb6 Rc7 18. b4 cxb4 19. Qb3 Nh6 20. Qxb4 O-O 21. Nc1 f6 22. Nd3 Nf7 23. Bf3 g4 24. hxg4 hxg4 25. Bxg4 Nhg5 26. Nf2 Kg7 27. Kg2 Rh8 28. Rh1 Qf8 29. Rxh8 Qxh8 30. Rh1 Qg8 31. Bh5 Be8 32. Na8 Rd7 33. c5 dxc5 34. Bxc5 Bxc5 35.
Qxc5 Nd6 36. Nc7 Ndxe4 37. Nxe4 Nxe4 38. Ne6+ Qxe6 39. fxe6 Nxc5 40. exd7 Bxd7 41. Rc1 Kh6 42. Rxc5 1-0